[Event "FRA-chT Top 12"]
[Site "Brest"]
[Date "2019.05.25"]
[Round "8.8"]
[White "Libiszewski, Fabien"]
[Black "Sebag, Marie"]
[Result "1-0"]
[ECO "B23"]
[WhiteElo "2511"]
[BlackElo "2476"]
[Annotator "Mueller,Karsten"]
[PlyCount "105"]
[EventDate "2019.05.18"]
[EventType "team-tourn"]
[EventRounds "11"]
[EventCountry "FRA"]
[SourceTitle "CBM 191"]
[Source "ChessBase"]
[SourceDate "2019.08.31"]
[SourceVersion "1"]
[SourceVersionDate "2019.08.31"]
[SourceQuality "1"]
[WhiteTeam "Clichy 92"]
[BlackTeam "Bischwiller"]
[WhiteTeamCountry "FRA"]
[BlackTeamCountry "FRA"]
[TimeControl "40/5400+30:1800+30"]

1. e4 c5 2. Nc3 a6 3. g3 b5 4. Bg2 Bb7 5. Nh3 (5. d3) 5... e6 6.
O-O Qc7 7. d3 Nf6 8. f4 d6 9. e5 Bxg2 10. Kxg2 Qc6+ 11. Kg1 Nfd7 12. exd6 Nf6 13. a4 b4 14. Ne4 Nxe4 15. dxe4 Bxd6 16. Qe2 O-O 17. Rd1 c4 18. Be3 Nd7 19. Nf2 Be7 20. Rd4 Rac8 21. Rad1 Nf6 22. g4 Rfd8 23. g5 Ne8 24. b3 Rxd4 25. Rxd4 cxb3 26. cxb3 Rd8 27. Rc4 Qd7 28. Qc2 g6 29. Kg2 Bf8 30. Bb6 Rb8 31. Bd4 Nd6 32. Ng4 Be7 33. Rc7 Rc8 34. Rxd7 Rxc2+ 35. Kf3 Kf8 36. Bf6 Nc8 37. Bxe7+ Nxe7 38. Rd8+ Kg7 39. Nf6 Rc8 40. Rxc8 Nxc8 41. Ke3 {
[%emt 0:30:11] Invasion by the white king will decide matters: Das Eindringen
des weißen Königs wird die Partie entscheiden.} e5 (41...
Nd6 42. Kd4 Nb7 43. Kc4 $18) 42. fxe5 Ne7 43.
Kd4 Nc6+ 44. Kd5 Na5 45. Kc5 Nxb3+ 46. Kxb4 Nd4 47. Ka5 Kf8 48. Kxa6 Ke7 49. a5 Kd8 50. Kb7 Nb3 51. a6 Nc5+ 52. Kb6 Na4+ 53. Kc6 {[%emt 0:00:00] Safe from an immediate knight check.
Springerschachschatten} 1-0

[Event "FRA-chT Top 12"]
[Site "Brest"]
[Date "2019.05.27"]
[Round "10.1"]
[White "Fedorov, Alexei"]
[Black "Nihal, Sarin"]
[Result "1/2-1/2"]
[ECO "B23"]
[WhiteElo "2566"]
[BlackElo "2598"]
[Annotator "Nihal,Sarin"]
[PlyCount "42"]
[EventDate "2019.05.18"]
[EventType "team-tourn"]
[EventRounds "11"]
[EventCountry "FRA"]
[SourceTitle "CBM 190 Extra"]
[Source "ChessBase"]
[SourceDate "2019.07.15"]
[SourceVersion "1"]
[SourceVersionDate "2019.07.15"]
[SourceQuality "1"]
[WhiteTeam "Gonfreville l'Orcher"]
[BlackTeam "Mulhouse"]
[WhiteTeamCountry "FRA"]
[BlackTeamCountry "FRA"]
[TimeControl "40/5400+30:1800+30"]

1. e4 c5 {[%emt 0:00:00] Had to work hard to save a worse
position today} 2. Ne2 Nc6 3. Nbc3 Nf6 4. g3 d5 5. exd5 Nxd5 6. Bg2 Nxc3 7. Nxc3 h5 (7... e6 8. O-O Be7 9. d3
Nd4 10. Ne4 Bd7 11. c3 Nf5 12. Qh5 O-O 13. Rd1 g6 14. Qe2 Bc6 15. h4 h5 16. Bf4
Qd7 17. Rd2 Rad8 18. Rad1 Bd5 19. b3 b6 20. Ng5 Bf6 21. Be5 Be7 22. Bf4 Rfe8
23. Ne4 f6 24. d4 cxd4 25. cxd4 Qb7 26. Kh2 Kf7 27. f3 Rd7 28. Qf2 Red8 29. Nc3
Bb4 30. Rd3 Bc6 31. g4 Nxd4 32. Rxd4 Rxd4 33. Rxd4 Bc5 34. Be3 Bxd4 35. Bxd4 e5
36. Bxe5 fxe5 37. gxh5 {Li,R (2574)-Stukopin,A (2586) Saint Louis 2017 1/2-1/2}
) 8. d3 Bg4 9. Bxc6+ bxc6 10. f3 Bf5 $146 (10... Be6
11. b3 g6 12. Bb2 Bg7 13. Na4 Bxb2 14. Nxb2 Qd4 15. Na4 Bd5 16. c3 Qe3+ 17. Qe2
Qxf3 18. Qxf3 Bxf3 19. Rf1 Bg4 20. Nxc5 h4 21. Kf2 hxg3+ 22. Kxg3 Bf5 23. h4
Rd8 24. d4 Rd5 25. Rae1 Bc8 26. Re5 Rxe5 27. dxe5 Rh5 28. Re1 Kf8 29. b4 g5 30.
hxg5 Rh3+ 31. Kf4 Rxc3 32. Re3 Rc4+ 33. Re4 Rc2 34. Rd4 Kg7 35. a3 a5 36. Rd8
Rc4+ 37. Kg3 Bf5 38. Re8 axb4 39. axb4 e6 40. Nd7 {Dorawa,B (2001)-Bogdanovich,
G (2376) Jena 1999 0-1 (80)}) 11. Be3 Rb8 12.
b3 g6 13. Na4 Bg7 14. Rc1 Bd4 15. Qd2 Qd5 16. Kf2 O-O 17. Rhe1 Rfe8 18. Rcd1 Rbd8 19. Qa5 c4 20. Qxd5 Bxe3+ 21. Kxe3 cxd5 {[%emt 0:00:06] Mulhouse
Philidor won again, and we remain at the third place in the French League
going into the last round.} 1/2-1/2